[Event "GER-chT Youth Countries 2018"]
[Site "Wurzburg"]
[Date "2018.10.03"]
[Round "1"]
[White "Parvanyan, Ashot"]
[Black "Silber, Kevin"]
[Result "1-0"]
[ECO "C45"]
[WhiteElo "2428"]
[BlackElo "2205"]
[Annotator "NA"]
[PlyCount "93"]
[EventDate "2018.10.03"]
[EventType "team-tourn"]
[EventCountry "GER"]
[SourceTitle "playchess.com"]
[Source "ChessBase"]
[SourceQuality "1"]
[TimeControl "40/5400+30:1800+30"]

1. e4 e5 2. Nf3 Nc6 3. d4 exd4 4. Nxd4 Nf6 5. Nxc6 bxc6 6. e5 Qe7 7. Qe2 Nd5 8. c4 Ba6 9. Nd2 g6 10. Nf3 {[%emt 0:01:07] C45: Scotch Game} Qb4+ 11. Kd1 Bg7 (11... Rb8 12. Qc2 Ne7 13. a3 Qb6 14. b4 c5 15. Bd3 cxb4 16. axb4 Bb7 17. b5 Bg7 {½-½ (30) Ponkratov,P (2613)-Svidler,P (2765) Riadh 2017}) 12. Qd2 Qxd2+ 13. Bxd2 Nb6 14. b3 O-O 15. c5 Bxf1 16. Rxf1 Nd5 17. Rc1 Rfe8 {[%emt 0:01:56] [#]} 18. Re1 $146 Re6 19. Rc4 Rae8 20. Ra4 Ra8 21. Kc2 Ree8 22. h4 Bf8 23. Rc4 Rab8 24. Nd4 Bg7 25. f4 h5 26. Ra4 Ra8 (26... a6 $14) 27. Rg1 ({White should try} 27. Ra6 $16) 27... Bh6 28. g3 a6 29. Kd3 f6 30. e6 dxe6 31. Nxc6 e5 32. fxe5 Bxd2 33. Kxd2 fxe5 34. Re1 Ne7 35. Nxe5 ({Lieber} 35. Nb4 $16) 35... Nf5 36. Nd3 Red8 $2 ({Black should play} 36... Rxe1 $14 37. Kxe1 (37. Nxe1 Nxg3 38. Nf3 Kf7 $14) 37... Nxg3) 37. Kc2 (37. Re6 $18) 37... Rd7 38. Nf4 Kh7 39. Ne6 (39. Kb2 $18) 39... Kg8 40. g4 hxg4 41. Rxg4 Re7 42. h5 Rae8 $2 (42... Kf7) 43. Rxg6+ Kh8 44. Kc3 Rh7 $18 45. Reg1 Ne7 46. R6g5 c6 47. Nf4 1-0

[Event "GER-chT Youth Countries 2018"]
[Site "Wurzburg"]
[Date "2018.10.03"]
[Round "1"]
[White "Lagunow, Raphael"]
[Black "Nothnagel, Marian Can"]
[Result "0-1"]
[ECO "C28"]
[WhiteElo "2417"]
[BlackElo "2341"]
[Annotator "NA"]
[PlyCount "112"]
[EventDate "2018.10.03"]
[EventType "team-tourn"]
[EventCountry "GER"]
[SourceTitle "playchess.com"]
[Source "ChessBase"]
[SourceQuality "1"]
[TimeControl "40/5400+30:1800+30"]

1. e4 e5 2. Bc4 Nc6 3. Nc3 Nf6 4. d3 Na5 5. Qf3 d6 {[%emt 0:05:04] C28: Vienna Game: 2...Nf6 3 Bc4 Nc6} (5... Nxc4 6. dxc4 Bb4 7. Nge2 d6 8. h3 Be6 9. b3 Nd7 10. O-O Bxc3 11. Nxc3 O-O 12. Qg3 f5 13. Bg5 {½-½ (33) Caruana,F (2822)-Aronian,L (2767) chess.com INT 2018}) 6. h3 Be7 7. Nge2 Nxc4 8. dxc4 Be6 9. b3 Qd7 10. O-O Rg8 $146 ({Predecessor:} 10... h6 11. a4 O-O-O 12. Qe3 a6 13. Qa7 {0-1 (38) Rublevsky,S (2702)-Pavlidis,A (2522) Berlin 2015}) 11. Ng3 g5 12. Nd5 Bxd5 13. cxd5 g4 14. hxg4 Qxg4 15. Re1 h5 16. Kf1 Qxf3 17. gxf3 Kd7 18. Ke2 Rh8 19. Rh1 h4 20. Nf5 Rh5 21. c4 h3 22. Rh2 Rah8 23. Be3 b6 24. b4 Nh7 25. a4 Nf8 26. a5 Bg5 $2 {[%emt 0:01:54] [#]} (26... Ng6 $11 {and Black is okay.}) 27. c5 $2 (27. axb6 $1 $18 axb6 28. Ng3) 27... bxc5 $1 28. bxc5 dxc5 29. a6 ({Better is} 29. Bxc5 $11 a6 30. Ng3) 29... Ng6 (29... Bxe3 $15 30. fxe3 Rg5) 30. Rb1 $2 {[%emt 0:01:28] [#]} (30. Bxc5 $14 {stays ahead.} Nf4+ 31. Kd1) 30... Bxe3 $1 31. Nxe3 Nf4+ 32. Kd2 R8h6 33. Ra1 Rb6 34. Nc4 Rb4 35. Na5 Rh6 ({Besser ist} 35... Rg5 $19 36. Nc6 Rg2) 36. Nc6 {[%emt 0:00:35] [#]} Rxc6 $1 37. dxc6+ Kxc6 38. Rg1 Rb6 39. Rg7 f6 $2 (39... Rxa6 $19 {ist viel giftiger.} 40. Rxf7 Ra3) 40. Rf7 Kb5 ({Of course not} 40... Rxa6 $6 41. Rxf6+ Kb5 42. Rxa6 $11) 41. Rxc7 $2 (41. Rh1 $17 {was the only defense.}) 41... Rxa6 42. Rh1 Ra2+ 43. Kc3 Ra3+ 44. Kd2 Rd3+ 45. Kc2 Rxf3 46. Rxa7 Rxf2+ 47. Kb3 c4+ 48. Ka3 Rf3+ 49. Ka2 Kc5 50. Rd7 Rd3 51. Rf7 Rd6 52. Rc1 Kd4 53. Rc7 Kxe4 54. R7xc4+ Kf5 $19 55. R4c2 Rd3 56. Rg1 Re3 0-1

[Event "GER-chT Youth Countries 2018"]
[Site "Wurzburg"]
[Date "2018.10.03"]
[Round "1"]
[White "Niermann, Tristan"]
[Black "Pfreundt, Jakob"]
[Result "1/2-1/2"]
[ECO "A62"]
[WhiteElo "2307"]
[BlackElo "2358"]
[Annotator "NA"]
[PlyCount "85"]
[EventDate "2018.10.03"]
[EventType "team-tourn"]
[EventCountry "GER"]
[SourceTitle "playchess.com"]
[Source "ChessBase"]
[SourceQuality "1"]
[TimeControl "40/5400+30:1800+30"]

1. d4 Nf6 2. c4 e6 3. g3 c5 4. d5 exd5 5. cxd5 d6 6. Nc3 g6 7. Nf3 Bg7 8. Bg2 O-O 9. O-O Re8 10. Bf4 Na6 {[%emt 0:01:18] LiveBook: 179 Partien} 11. a4 $146 {[%emt 0:06:19] A62: Benoni (mit 7.g3)} ({Vorgänger:} 11. Re1 Bf5 12. Nh4 Bd7 13. e4 c4 14. Qd2 Nc5 15. Bxd6 Nd3 16. Nf3 Ng4 17. Re2 Qb6 18. Bf4 Qxb2 19. Qxb2 Nxb2 {0-1 (40) Navara,D (2737)-Morozevich,A (2675) Biel 2017}) 11... Nb4 (11... Ne4 $11 12. Rc1 g5) 12. Rc1 ({Besser ist} 12. Nd2 $1 $14) 12... a6 $15 13. Re1 {[%emt 0:06:10] Schwarz steht etwas besser.} Bg4 14. h3 Bxf3 {[%emt 0:00:18] Die Stellung ist ausgeglichen.} 15. Bxf3 Qe7 16. e4 Nd7 17. Be2 Ne5 18. b3 Rac8 19. Kg2 h5 20. Qd2 {[%emt 0:04:36] Precision: Weiß = 30%, Schwarz = 29%.} Nd7 21. Bc4 Bd4 22. Bg5 Qf8 23. f4 Qg7 24. g4 Nf6 25. Kf3 hxg4+ 26. hxg4 Nh7 27. Bh4 g5 28. fxg5 Re5 29. Ne2 Nxg5+ 30. Bxg5 Qxg5 31. Qxg5+ Rxg5 32. Nxd4 cxd4 33. Kf4 Re5 34. Rcd1 Rce8 35. Re2 d3 36. Bxd3 Nxd5+ 37. exd5 Rxe2 38. Bxe2 Rxe2 39. Rd3 Kg7 40. Rc3 Re5 41. Rc7 b5 42. Rc6 Rxd5 43. Rxa6 1/2-1/2

[Event "GER-chT Youth Countries 2018"]
[Site "Wurzburg"]
[Date "2018.10.03"]
[Round "1"]
[White "Neukirchner, Pascal"]
[Black "Gressmann, Moritz"]
[Result "1-0"]
[ECO "D11"]
[WhiteElo "2294"]
[BlackElo "2106"]
[Annotator "NA"]
[PlyCount "99"]
[EventDate "2018.10.03"]
[EventType "team-tourn"]
[EventCountry "GER"]
[SourceTitle "playchess.com"]
[Source "ChessBase"]
[SourceQuality "1"]
[TimeControl "40/5400+30:1800+30"]

1. d4 d5 2. c4 c6 3. Nf3 e6 4. e3 f5 5. Bd3 Bd6 6. O-O Nf6 7. b3 Qe7 8. Bb2 O-O 9. Nc3 {[%emt 0:00:26] A84: Dutch Defence: 2 c4 Miscellaneous} (9. Ne5 Bd7 10. Nd2 Be8 11. f3 Bh5 12. Qe1 Nbd7 13. Kh1 Rad8 14. Nxd7 Nxd7 15. e4 dxe4 16. fxe4 f4 {1-0 (43) Bu,X (2710)-Wei,Y (2734) Zaozhuang 2015}) 9... Nbd7 10. Rc1 Ne4 11. Ne2 Ndf6 12. Ne5 Bd7 13. f3 Ng5 14. Ng3 $146 ({Predecessor:} 14. Qd2 a5 15. Bb1 a4 16. e4 Ngxe4 17. fxe4 Nxe4 18. Bxe4 fxe4 19. Rxf8+ Rxf8 {½-½ (40) Sal Enriquez,C (2036)-Martin Villanova,J (1878) Mataro 2016}) 14... c5 15. Qd2 Nf7 16. Nxd7 Qxd7 17. cxd5 Bxg3 18. hxg3 exd5 19. dxc5 Qe6 20. Rfe1 Ne5 21. Bb1 Nh5 (21... Rf7 $142 22. Qd4 Re8) 22. Qd4 Nc6 23. Qh4 Qh6 (23... Nf6 {was necessary.} 24. Rcd1 Rf7) 24. g4 fxg4 25. Qxg4 Rae8 {[%emt 0:00:17] [#]} 26. Bd4 ({White should play} 26. f4 $1 $18) 26... Nxd4 27. Qxd4 ({Lieber nicht} 27. exd4 Nf4 $15) 27... Kh8 28. Kf2 ({Don't take} 28. Qxd5 $6 Ng3 $16) 28... Nf6 29. Rh1 Qg5 {[%emt 0:01:16] [#]} 30. Rce1 (30. f4 $1 $16 Qg4 31. Rh3) 30... h6 {[%emt 0:00:56] [#]} (30... Ng4+ $1 $11 {keeps the balance.} 31. Kg1 Nxe3 32. Rxh7+ Kg8) 31. Kg1 $1 Qg3 32. Qh4 (32. Re2 $16) 32... Qe5 33. Qf2 d4 34. e4 Qxc5 35. Rh4 Qg5 36. Rh3 $2 (36. g3 $14 {behält die Oberhand.}) 36... Qc5 37. Rh4 Qe5 38. Rd1 Rd8 (38... d3 $11) 39. f4 Qc5 40. e5 Nd5 41. Qxd4 Qxd4+ 42. Rxd4 Ne7 (42... Nc3 $16 43. Rxd8 Rxd8) 43. Rxd8 Rxd8 44. Kf2 Rd1 45. Be4 Rd2+ 46. Ke3 Rxa2 47. f5 $18 Ng8 48. Bxb7 Rb2 49. Rb4 a5 50. Rb5 1-0

[Event "GER-chT Youth Countries 2018"]
[Site "Wurzburg"]
[Date "2018.10.03"]
[Round "1"]
[White "Urban, Konstantin"]
[Black "Burian, Simon"]
[Result "1-0"]
[ECO "B99"]
[WhiteElo "2279"]
[BlackElo "2091"]
[Annotator "NA"]
[PlyCount "119"]
[EventDate "2018.10.03"]
[EventType "team-tourn"]
[EventCountry "GER"]
[SourceTitle "playchess.com"]
[Source "ChessBase"]
[SourceQuality "1"]
[TimeControl "40/5400+30:1800+30"]

1. e4 c5 2. Nf3 d6 3. d4 cxd4 4. Nxd4 Nf6 5. Nc3 a6 6. Bg5 e6 7. f4 Be7 8. Qf3 Qc7 9. O-O-O Nbd7 10. Bd3 h6 11. Bh4 g5 12. fxg5 Ne5 13. Qe2 Nfg4 14. Nf3 Nxf3 15. gxf3 hxg5 16. Bg3 Ne5 17. f4 gxf4 {[%emt 0:02:38] B99: Sicilian Najdorf: 6 Bg5 e6 7 f4 Be7 8 Qf3 Qc7 9 0-0-0 Nbd7} 18. Bxf4 Bd7 19. Rdf1 Rh7 {[%emt 0:05:26] [#] LiveBook: 7 Games. The position is equal.} 20. Rf2 $146 ({Predecessor:} 20. h4 $5 O-O-O 21. h5 Rg8 22. Kb1 Bg5 23. Rfg1 Qd8 24. Bxe5 dxe5 25. Bxa6 bxa6 26. Qxa6+ Kc7 27. Qa7+ Kc8 28. Rd1 {1-0 (28) Savchenko,B (2627)-Nedilko,V (2407) Plovdiv 2010}) 20... O-O-O 21. Rhf1 Bc6 22. Kb1 Bh4 23. Rg2 Qe7 24. Rgg1 Rdh8 25. Qe3 Kb8 26. Qd4 Bf6 27. Be3 {[%emt 0:02:26] [#] Black must now prevent Rxf6!} Nd7 $2 ({Wrong is} 27... Rxh2 $2 {[#]} 28. Rxf6 $1 R2h3 29. Rff1 $18) (27... Kc8 $11 {and Black is okay.}) 28. Qa7+ $18 Kc7 29. e5 Bxe5 30. Bxh7 Rxh7 31. Rg8 {[%emt 0:05:13] And now Qa8 would win.} Rg7 $2 {[%emt 0:03:47] Precision: White = 50%, Black = 48%.} (31... d5 $16 {is more resistant.}) 32. Qa8 Rxg8 33. Qxg8 f5 34. Bf4 Nf6 35. Qg5 Bxc3 36. bxc3 Qf7 37. Rg1 Ne4 38. Qg7 Qxg7 39. Rxg7+ Kb6 40. h4 Be8 41. Re7 Nxc3+ 42. Kb2 Nd5 43. Rxe8 Nxf4 44. Rh8 Kc5 45. h5 Nxh5 46. Rxh5 b5 47. Kc3 d5 48. Kd3 a5 49. a3 d4 50. Rh4 e5 51. Rh5 e4+ 52. Kd2 Kc4 53. Rxf5 e3+ 54. Ke2 a4 55. Rh5 b4 56. axb4 Kxb4 57. Kd3 a3 58. Kxd4 e2 59. Rh1 a2 60. Ke4 1-0

[Event "GER-chT Youth Countries 2018"]
[Site "Wurzburg"]
[Date "2018.10.03"]
[Round "1"]
[White "Herbrig, Alexander"]
[Black "Richter, Leonard"]
[Result "1-0"]
[ECO "A48"]
[WhiteElo "2277"]
[BlackElo "2322"]
[Annotator "NA"]
[PlyCount "142"]
[EventDate "2018.10.03"]
[EventType "team-tourn"]
[EventCountry "GER"]
[SourceTitle "playchess.com"]
[Source "ChessBase"]
[SourceQuality "1"]
[TimeControl "40/5400+30:1800+30"]

1. d4 Nf6 2. Nf3 g6 3. Bg5 Ne4 4. Bf4 Bg7 5. Nbd2 d5 6. e3 {[%emt 0:02:12] LiveBook: 43 Games} Bf5 {[%emt 0:07:15] A48: 1 d4 Nf6 2 Nf3 g6: Torre, London and Colle Systems} (6... c5 7. c3 Nc6 8. Bd3 Bf5 9. Bxe4 dxe4 10. Nh4 cxd4 11. Nxf5 gxf5 12. cxd4 Qd5 13. Qb3 Qxb3 14. axb3 Kd7 15. Ke2 Rhc8 {½-½ (37) Hertneck,G (2492)-Gajewski,G (2634) Germany 2014}) 7. c4 dxc4 8. Bxc4 {[%emt 0:01:04] Threatens to win with Nxe4.} O-O $146 {[%emt 0:00:48] White is slightly better.} ({Predecessor:} 8... Nxd2 9. Qxd2 O-O 10. O-O c6 11. Qb4 b5 12. Be2 Nd7 13. Rac1 a5 {1-0 (41) Manea,A (2390)-Stegariu,V (2171) Mamaia 2013}) 9. Qb3 {[%emt 0:02:23] Black must now prevent Nxe4.} Nxd2 10. Nxd2 Nd7 {[%emt 0:06:53] [#]} (10... Nc6 $11) 11. e4 $1 $16 (11. Qxb7 $6 e5 $11) 11... e5 {[%emt 0:07:04] [#]} 12. dxe5 (12. exf5 $6 exf4 13. O-O Nb6 $11) ({Better is} 12. Bg3 $1 $16 Bg4 13. f3 (13. Qxb7 exd4 14. h3 Be6 $11)) 12... Be6 $14 13. Qc3 ({Don't blunder} 13. Qxb7 $2 Bxc4 14. Nxc4 Nc5 $19) ({Reject} 13. Bxe6 Nc5 $15) 13... Bxc4 14. Nxc4 Qh4 15. g3 Qh3 16. O-O-O Rfe8 17. Qd4 Qe6 (17... Nf8 $11) 18. Qxd7 (18. f3 $14) 18... Qxc4+ $11 19. Kb1 Qxe4+ 20. Ka1 (20. Qd3 $1 $11 {remains equal.} Qxd3+ 21. Rxd3) 20... Bxe5 $17 {[%emt 0:02:27] Black is better.} 21. f3 Qe2 ({But not} 21... Qxf3 $6 22. Bxe5 Rxe5 23. Rhf1 $14) 22. Bxe5 Qxe5 23. f4 Qe7 24. f5 {[%emt 0:00:22] Precision: White = 39%, Black = 63%.} Rad8 25. Qxe7 Rxd1+ 26. Rxd1 Rxe7 27. f6 Re8 28. a3 h5 29. Rd7 Re1+ 30. Ka2 Rc1 31. Rd8+ Kh7 32. Rf8 g5 33. Rxf7+ Kg6 34. Rf8 Rf1 35. Rg8+ Kh6 36. Rg7 Rxf6 37. Rxc7 Rb6 38. h4 g4 39. a4 Kg6 40. Ka3 Kf5 41. Re7 a5 42. b3 Rb4 43. Rh7 Kg6 44. Rd7 Kf5 45. Rd5+ Ke4 46. Rxa5 Rd4 47. Rxh5 Kf3 48. Rh7 b6 49. Rh6 Kxg3 50. Rxb6 Kh2 51. Rg6 g3 52. h5 g2 53. a5 g1=Q 54. Rxg1 Kxg1 55. b4 Kf2 56. a6 Ke3 57. a7 Rd8 58. b5 Kd4 59. b6 Kc3 60. Ka4 Kc4 61. Ka5 Kc5 62. Ka6 Rf8 63. h6 Rh8 64. h7 Rf8 65. b7 Rf6+ 66. Ka5 Rf2 67. Ka4 Kc4 68. Ka3 Rf3+ 69. Kb2 Rf2+ 70. Kc1 Rf1+ 71. Kd2 Kd5 1-0

[Event "GER-chT Youth Countries 2018"]
[Site "Wurzburg"]
[Date "2018.10.03"]
[Round "1"]
[White "Nguyen, Alex Dac-Vuong"]
[Black "Arnhold, Steffi"]
[Result "0-1"]
[ECO "B41"]
[WhiteElo "2240"]
[BlackElo "1955"]
[Annotator "NA"]
[PlyCount "62"]
[EventDate "2018.10.03"]
[EventType "team-tourn"]
[EventCountry "GER"]
[SourceTitle "playchess.com"]
[Source "ChessBase"]
[SourceQuality "1"]
[TimeControl "40/5400+30:1800+30"]

1. e4 c5 2. Nf3 e6 3. d4 cxd4 4. Nxd4 a6 5. c4 Qc7 6. Nc3 Nf6 7. a3 Be7 (7... Nxe4 $5 8. Nxe4 Qe5 $14) 8. Be2 {[%emt 0:00:49] B41: Sicilian: Kan Variation: 5 c4} d6 9. Be3 O-O 10. O-O {[%emt 0:00:07] White is slightly better.} Nbd7 (10... b6 11. Qd2 Bb7 12. f3 Nbd7 13. Rac1 Rfc8 14. Rfd1 Qd8 15. b4 Ne5 16. Na4 Nfd7 17. Nb3 Bc6 18. Nb2 Bb7 19. Na4 Bc6 20. Nb2 Bb7 21. Na4 Bc6 {½-½ (21) Ftacnik,L (2548)-Jobava,B (2665) Baku 2016}) 11. Qd2 b6 12. b4 Bb7 13. f3 Rac8 14. Rfc1 Qb8 15. Nb3 Rfe8 16. Bf1 $146 Bd8 17. Kh1 Bc7 18. Bg1 {[%emt 0:00:07] [#]} (18. Nd4 $11) 18... d5 $1 $36 {[%emt 0:10:06] Black has the initiative.} 19. cxd5 Bf4 20. Be3 Bxe3 ({Much weaker is} 20... Bxh2 21. dxe6 Rxe6 22. Ne2 $11) 21. Qxe3 exd5 22. Bd3 dxe4 23. Nxe4 Rxc1+ 24. Rxc1 {[%emt 0:01:41] Black should prevent Nxf6+.} Nxe4 (24... Bxe4 $1 $17 25. Bxe4 Nxe4 26. fxe4 Nf6) 25. fxe4 Qe5 26. Qd4 {[%emt 0:03:12] Precision: White = 41%, Black = 54%.} Qxd4 27. Nxd4 Nf6 28. Rc7 Bxe4 29. Be2 Bd3 30. Rc1 Bxe2 31. Re1 Bc4 0-1

[Event "GER-chT Youth Countries 2018"]
[Site "Wurzburg"]
[Date "2018.10.03"]
[Round "1"]
[White "Oberhofer, Cedric"]
[Black "Weller, Uli"]
[Result "1-0"]
[ECO "C00"]
[WhiteElo "2213"]
[BlackElo "2123"]
[Annotator "NA"]
[PlyCount "61"]
[EventDate "2018.10.03"]
[EventType "team-tourn"]
[EventCountry "GER"]
[SourceTitle "playchess.com"]
[Source "ChessBase"]
[SourceQuality "1"]
[TimeControl "40/5400+30:1800+30"]

1. e4 e6 2. d3 d5 3. Nd2 b6 4. g3 Bb7 5. Bg2 Nf6 6. Qe2 Be7 7. Ngf3 O-O 8. e5 Nfd7 9. O-O c5 10. c3 Qc7 11. Re1 Nc6 12. Nf1 {[%emt 0:02:14] C00: French: Unusual White 2nd moves} (12. h4 b5 13. Nf1 b4 14. h5 bxc3 15. bxc3 Ba6 16. h6 g6 17. Bf4 Qa5 18. Rac1 c4 19. d4 Ba3 {1-0 (31) Hera,I (2611)-Ganguly,S (2658) Biel 2017}) 12... b5 13. Bf4 a5 14. h4 {[%emt 0:07:47] The position is equal.} b4 15. Ne3 $146 ({Predecessor:} 15. N1h2 Ba6 16. Rad1 c4 17. d4 a4 18. Ng5 a3 19. Qh5 Bxg5 20. hxg5 axb2 21. Ng4 Qd8 22. Bxd5 exd5 23. Kg2 Re8 24. Rh1 {½-½ (24) Dickl,E (2266)-Knoeppel,B (2176) Remote email 2011}) 15... bxc3 {[%emt 0:13:22] [#] And now ...Nd4 would win.} 16. bxc3 Nb6 (16... d4 $11 {keeps the balance.} 17. cxd4 Nxd4 18. Nxd4 cxd4) 17. Rac1 ({Better is} 17. Ng4 $16) 17... Rfd8 (17... Qd7 $11 {remains equal.}) 18. Ng4 $16 Bf8 19. h5 Nd7 (19... h6 $142) 20. h6 g6 21. Bg5 {[%emt 0:02:45] Precision: White = 44%, Black =  3%.} ({White should try} 21. Ng5) 21... Re8 22. Qd2 Rab8 23. c4 Ne7 24. Qf4 Bc6 25. Nf6+ Nxf6 26. exf6 Qxf4 27. Bxf4 Nf5 28. Bxb8 Rxb8 29. g4 Nxh6 30. Ne5 Bb7 31. Rb1 1-0

[Event "GER-chT Youth Countries 2018"]
[Site "Wurzburg"]
[Date "2018.10.03"]
[Round "1"]
[White "Leeb, Simon"]
[Black "Schneider, Jana"]
[Result "1/2-1/2"]
[ECO "E10"]
[WhiteElo "2203"]
[BlackElo "2174"]
[Annotator "NA"]
[PlyCount "55"]
[EventDate "2018.10.03"]
[EventType "team-tourn"]
[EventCountry "GER"]
[SourceTitle "playchess.com"]
[Source "ChessBase"]
[SourceQuality "1"]
[TimeControl "40/5400+30:1800+30"]

1. d4 Nf6 2. c4 e6 3. Nf3 d5 4. g3 Bb4+ 5. Bd2 Bd6 6. Nc3 Nc6 7. Bg2 dxc4 8. Qa4 O-O 9. Qxc4 e5 10. O-O {[%emt 0:04:14] LiveBook: 3 Games} Nxd4 {[%emt 0:08:17] E04: Open Catalan: 5 Nf3} 11. Nxd4 exd4 12. Qxd4 Qe7 $146 {[%emt 0:02:09] Black has an edge.} ({Predecessor:} 12... Bxg3 $5 13. Nd5 (13. Qxd8 Rxd8 14. hxg3 Rxd2 15. Rfd1 Rd7 16. b4 Kf8 17. b5 Rb8 18. e4 {½-½ (28) Wojtaszek,R (2599)-Landa,K (2613) Germany 2008}) 13... Nxd5 14. hxg3 c6 $11) 13. Bf4 (13. Rad1 {feels hotter.} Be5 14. Qh4 h6 15. Ne4 Re8 16. Bc3) 13... Bxf4 14. Qxf4 c6 15. a3 Be6 16. Qb4 Rfe8 17. Rfd1 Kf8 18. e4 Rad8 19. Qa4 a6 20. Qc2 Qc5 21. Rac1 Qh5 22. Na4 Bg4 {[%emt 0:03:56] Precision: White = 17%, Black = 21%.} (22... Nd7 $11) 23. Rxd8 Rxd8 24. Qc5+ Qxc5 25. Nxc5 Bc8 26. e5 Nd7 27. Rd1 Ke7 28. Nxd7 1/2-1/2

[Event "GER-chT Youth Countries 2018"]
[Site "Wurzburg"]
[Date "2018.10.03"]
[Round "1"]
[White "Nguyen, Huy Dat"]
[Black "Polster, Christian"]
[Result "0-1"]
[ECO "B50"]
[WhiteElo "2194"]
[BlackElo "2294"]
[Annotator "NA"]
[PlyCount "101"]
[EventDate "2018.10.03"]
[EventType "team-tourn"]
[EventCountry "GER"]
[SourceTitle "playchess.com"]
[Source "ChessBase"]
[SourceQuality "1"]
[TimeControl "40/5400+30:1800+30"]

1. e4 c5 2. Nf3 d6 3. Bc4 Nf6 4. d3 Nc6 5. c3 e6 6. Bb3 {B50: Sicilian: 2...d6, Miscellaneous} Be7 7. Qe2 O-O 8. Nbd2 b5 9. Nf1 Bb7 $146 ({Predecessor:} 9... a5 10. Ng3 Ba6 11. O-O d5 12. e5 Nd7 13. a3 b4 14. Re1 bxc3 15. bxc3 {½-½ (54) Boschetti,C (2198)-Gallagher,J (2552) Switzerland 2005}) 10. Ng3 Ne5 11. Nxe5 dxe5 12. O-O Qb6 13. Kh1 Bd6 14. f4 exf4 15. Bxf4 Bxf4 16. Rxf4 e5 17. Rf2 Bc8 18. Raf1 Be6 19. Rxf6 gxf6 20. Rxf6 Qd8 21. Nh5 Kh8 22. Qf3 Rg8 23. Bxe6 fxe6 24. h3 Rf8 25. Qg3 Qc7 26. Rxe6 Rae8 27. Rxe8 Rxe8 28. Nf6 Rf8 29. Ng4 Rf4 30. Kh2 c4 {[%emt 0:00:24] [#]} (30... Qd6 $11 {keeps the balance.}) 31. d4 $1 exd4 $2 (31... Qg7 $16 {war angesagt.}) 32. cxd4 Rf7 33. Ne5 Rg7 34. Qf4 Kg8 35. Qf5 Re7 36. Qg5+ Rg7 37. Qh5 Kf8 38. Kh1 b4 39. Qf5+ Ke7 40. d5 c3 41. bxc3 bxc3 42. Nc6+ Ke8 43. Qe6+ Kf8 44. Qf6+ Qf7 45. Qd8+ $1 Qe8 46. Qf6+ Kg8 47. Qxc3 Qxe4 48. Qd2 h6 49. Nb4 Rd7 50. Qc1 $19 (50. a4 $15) 50... Kh7 51. Qf1 0-1

[Event "GER-chT Youth Countries 2018"]
[Site "Wurzburg"]
[Date "2018.10.03"]
[Round "1"]
[White "Doll, Alexander"]
[Black "Muetsch, Annmarie"]
[Result "1/2-1/2"]
[ECO "B22"]
[WhiteElo "2122"]
[BlackElo "2206"]
[Annotator "ChessBase"]
[PlyCount "51"]
[EventDate "2018.10.03"]
[EventType "team-tourn"]
[EventCountry "GER"]
[SourceTitle "playchess.com"]
[Source "ChessBase"]
[SourceQuality "1"]
[TimeControl "40/5400+30:1800+30"]

1. e4 c5 2. c3 d5 3. exd5 Qxd5 4. d4 Bf5 5. Nf3 Nc6 6. Be3 cxd4 7. Nxd4 Nf6 8. Qb3 Nxd4 9. Bxd4 e5 10. Qb5+ Qxb5 11. Bxb5+ Bd7 12. Bxd7+ Nxd7 13. Be3 f5 14. f3 O-O-O 15. Nd2 Nc5 16. Bxc5 Bxc5 17. O-O-O Be3 18. Rhe1 Bxd2+ 19. Rxd2 Rxd2 20. Kxd2 Re8 21. g4 fxg4 22. fxg4 Kd7 23. Rf1 Ke6 24. Ke3 Rd8 25. a3 Rc8 26. Ke4 1/2-1/2

[Event "GER-chT Youth Countries 2018"]
[Site "Wurzburg"]
[Date "2018.10.03"]
[Round "1"]
[White "Pubantz, Jan"]
[Black "Ratay, Meike"]
[Result "0-1"]
[ECO "E15"]
[WhiteElo "2084"]
[BlackElo "1887"]
[Annotator "NA"]
[PlyCount "92"]
[EventDate "2018.10.03"]
[EventType "team-tourn"]
[EventCountry "GER"]
[SourceTitle "playchess.com"]
[Source "ChessBase"]
[SourceQuality "1"]
[TimeControl "40/5400+30:1800+30"]

1. d4 Nf6 2. c4 e6 3. Nf3 b6 4. g3 Ba6 5. Qc2 Be7 {[%emt 0:00:54] E15: Queen's Indian: 4 g3 sidelines, 4 g3 Ba6 and 4 g3 Bb7 early deviations} 6. Bg2 O-O 7. O-O c6 8. Rd1 d5 9. Ne5 Bb7 10. Nc3 Nbd7 11. e4 Rc8 12. Bg5 $146 ({Predecessor:} 12. Bf4 a6 13. Qe2 dxe4 14. Nxe4 Nxe4 15. Bxe4 Nxe5 16. Bxe5 {1-0 (39) Matlakov,M (2533)-Kalugin,S (2406) Dagomys 2009}) 12... Nxe4 13. Bxe7 Qxe7 14. Nxe4 dxe4 15. Bxe4 Nf6 16. c5 Nxe4 17. Qxe4 bxc5 18. dxc5 Rfd8 19. b4 Rd5 20. Nc4 Ba6 21. Nd6 Rb8 22. a4 Qf6 {[%emt 0:07:40] [#]} 23. b5 ({White should play} 23. Rab1 $1 $18) 23... cxb5 24. axb5 Bxb5 {[%emt 0:09:00] [#]} 25. Rdb1 $1 Qc3 (25... Rxc5 $16 {is a better defense.} 26. Qe3 (26. Rxa7 Qd8 $14) 26... Rbc8) 26. Qf4 f5 27. Rxa7 ({Less strong is} 27. Nxb5 Rxb5 28. Rc1 Qd4 $16) (27. Nxf5 $1 $18 {is the precise move to win.} Rdd8 28. c6 exf5 29. c7) 27... Qxc5 {[%emt 0:05:55] [#]} 28. Rxg7+ $1 Kxg7 29. Qg5+ Kf8 30. Qf6+ Kg8 31. Qg5+ (31. Qxe6+ $16 {is forced if you want to stay better.} Kg7 32. Qe7+ Kh8 33. Qf6+ Kg8 34. Qg5+ Kf8 35. Rxb5 Qxd6 36. Rxb8+ Qxb8 37. Qf6+ Kg8 38. Qe6+ Kg7 39. Qxd5) 31... Kf8 32. Qf6+ Kg8 33. Nf7 $2 h5 34. Nh6+ Kh7 35. Qf7+ Kxh6 36. Qf6+ Kh7 37. Qf7+ Kh8 38. Qf6+ Kg8 39. Qg6+ Kf8 40. Qf6+ {[%emt 0:01:07] [#]} Ke8 $1 41. Qh8+ Qf8 42. Qxh5+ Ke7 43. Rc1 Qh8 44. Qg5+ Qf6 45. Qf4 Rbd8 46. Qb4+ Ke8 $19 0-1